 Dungeon Crawl Stone Soup version 0.18.1-48-g4cf74bf (webtiles) character file.

74 Gargoyl the Skirmisher (level 4, -1/37 HPs)
             Began as a Demonspawn Abyssal Knight on June 24, 2016.
             Was a Follower of Lugonu.
             Slain by a worm (4 damage)
             ... on level 3 of the Dungeon.
             The game lasted 00:02:36 (1466 turns).

Gargoyl the Skirmisher (Demonspawn Abyssal Knight)  Turns: 1466, Time: 00:02:37

Health: -1/37      AC:  9    Str: 13    XL:     4   Next: 9%
Magic:  5/5        EV: 10    Int: 13    God:    Lugonu [*.....]
Gold:   129        SH:  0    Dex: 13    Spells: 0 memorised, 3 levels left

rFire  . . .     SeeInvis .     d - +0 war axe
rCold  . . .     Gourm    .     p - +0 ring mail
rNeg   + . .     Faith    .     (no shield)
rPois  .         Spirit   .     e - +0 helmet
rElec  .         Dismiss  .     (no cloak)
rCorr  .         Reflect  .     (no gloves)
SustAt .         Harm     .     (no boots)
MR     .....                    (no amulet)
Stlth  +.........               (no ring)
                                i - ring of positive energy

@: not resistant to hostile enchantments, very unstealthy
A: claws 1, icy blue scales 2
a: Depart the Abyss, Renounce Religion


You were on level 3 of the Dungeon.
You worshipped Lugonu.
Lugonu was aware of your devotion.
You were very hungry.

You visited 1 branch of the dungeon, and saw 3 of its levels.
You visited the Abyss 1 time.

You collected 129 gold pieces.

Inventory:

Hand Weapons
 d - a +0 war axe (weapon)
Armour
 e - a +0 helmet (worn)
 p - a +0 ring mail (worn)
Jewellery
 i - a ring of positive energy (left claw)
Wands
 o - a wand of confusion (18/48)
Scrolls
 a - a scroll of remove curse {unknown}
 b - 2 scrolls of amnesia {unknown}
 f - a scroll of recharging {unknown}
 j - 3 scrolls of enchant weapon {unknown}
 k - a scroll of immolation {unknown}
 m - a scroll of fog {unknown}
Potions
 g - 2 potions of mutation {unknown}
 n - 2 potions of degeneration {unknown}
Comestibles
 c - 3 bread rations
 h - 2 meat rations
 l - a royal jelly
 q - a beef jerky


   Skills:
 + Level 3.7 Fighting
 + Level 2.2 Axes
 * Level 2.6 Armour
 + Level 1.6 Dodging
 + Level 2.5 Invocations


You had 3 spell levels left.
You didn't know any spells.

Dungeon Overview and Level Annotations

Branches:
Dungeon (3/15)

Altars:


Innate Abilities, Weirdness & Mutations

You have sharp fingernails.
You are mostly covered in icy blue scales (AC +3, EV -1).


Message History

The centaur skeleton closely misses you.
The centaur skeleton hits you.
Unknown command.
You hit the centaur skeleton but do no damage.
You slash the worm!
The worm is heavily wounded.
The centaur skeleton hits you.
* * * LOW HITPOINT WARNING * * *
The centaur skeleton hits you.
* * * LOW HITPOINT WARNING * * *
You hit the centaur skeleton.
You destroy the centaur skeleton!
Lugonu accepts your kill.
You have reached level 4!
You feel agile.
Your demonic ancestry asserts itself...
Icy blue scales spread over more of your body.
You barely miss the worm.
The worm is heavily wounded.
The worm bites you.
You die...

##########
##.....#....
##...........
#............
#............
#............
####............
.......<........
..###...@w......
........††....#.
##..............
.>.....$.......#
###.............
#.............
#....$..$....#
####.W....##.#
###.$.## .#


You could see a worm and Goudai's ghost (wandering).

Vanquished Creatures
  A centaur skeleton (D:3)
  2 worms (D:2)
  A dart slug (D:2)
  A giant gecko (D:2)
  7 bats
  2 giant cockroaches
  5 goblins
  6 hobgoblins
  4 kobolds
  A quokka (D:3)
  2 giant newts (D:1)
  6 rats
38 creatures vanquished.

Notes
Turn   | Place    | Note
--------------------------------------------------------------
     0 | Abyss:1  | Gargoyl the Demonspawn Abyssal Knight began the quest for the Orb.
     0 | Abyss:1  | Reached XP level 1. HP: 18/18 MP: 2/2
    37 | Abyss:2  | Noticed a smoke demon
    37 | D:1      | Escaped the Abyss
   133 | D:1      | Reached * piety under Lugonu
   280 | D:1      | Reached skill level 1 in Dodging
   280 | D:1      | Gained mutation: You are partially covered in icy blue scales (AC +1). [demonic ancestry]
   280 | D:1      | Reached XP level 2. HP: 24/24 MP: 3/3
   892 | D:2      | Gained mutation: You have sharp fingernails. [demonic ancestry]
   892 | D:2      | Reached XP level 3. HP: 27/29 MP: 4/4
  1004 | D:2      | Found a faded altar to an unknown god.
  1466 | D:3      | Gained mutation: You are mostly covered in icy blue scales (AC +3, EV -1). [demonic ancestry]
  1466 | D:3      | Reached XP level 4. HP: 2/37 MP: 5/5
  1466 | D:3      | Slain by a worm

Skill      XL: |  1  2 |
---------------+-------+-----
Dodging        | 1 |  1.6
Armour         | 2 |  2.6
Axes           | 2 |  2.2
Fighting       | |  3.7
Invocations    | |  2.5

Action                   |  1- 3 |  4- 6 || total
-------------------------+-------+-------++-------
Melee: War axe           |   104 |       ||   104
Invok: Depart the Abyss  |     1 |       ||     1
  Eat: Chunk             |     1 |       ||     1
Armor: Leather armour    |    30 |       ||    30
       Ring mail         |    11 |       ||    11
Dodge: Dodged            |    72 |       ||    72
